 Dungeon Crawl Stone Soup version 0.17.0-8-gb983d21 (webtiles) character file.

147 JudasIscariot the Ducker (level 5, -12/53 HPs)
             Began as a Troll Berserker on Nov 8, 2015.
             Was a Believer of Trog.
             Mangled by an ogre
             ... wielding a +0 giant club
              (23 damage)
             ... on level 4 of the Dungeon.
             The game lasted 00:08:45 (2146 turns).

JudasIscariot the Ducker (Troll Berserker)          Turns: 2146, Time: 00:08:46

Health: -12/53     AC:  6    Str: 26    XL:     5   Next: 7%
Magic:  4/4        EV: 10    Int:  3    God:    Trog [**....]
Gold:   155        SH:  0    Dex:  9    Spells: 0 memorised, 4 levels left

rFire  . . .     SeeInvis .     k - -1 whip (curse)
rCold  . . .     Clarity  .     j - +1 robe
rNeg   . . .     SustAt   .     (no shield)
rPois  .         Gourm    +     (helmet restricted)
rElec  .         Spirit   .     (no cloak)
rCorr  .         Warding  .     (gloves unavailable)
rMut   .         Stasis   .     (boots unavailable)
MR     .....                    (no amulet)
Stlth  +.........               (no ring)
                                (no ring)

@: not resistant to hostile enchantments, very unstealthy
A: unfitting armour, claws 3, fast metabolism 3, gourmand, regeneration 2,
shaggy fur 1, tough skin 2
a: Berserk, Trog's Hand, Burn Spellbooks, Renounce Religion


You were on level 4 of the Dungeon.
You worshipped Trog.
Trog was pleased with you.
You were completely stuffed.

You visited 1 branch of the dungeon, and saw 4 of its levels.

You collected 155 gold pieces.

Inventory:

Hand Weapons
 a - a +0 mace
 k - a cursed -1 whip (weapon)
 n - a cursed +0 flail
Armour
 b - a +0 animal skin
 j - a +1 robe (worn)
Scrolls
 e - a scroll of teleportation
Potions
 d - 2 potions of brilliance {unknown}
 f - 3 potions of heal wounds {unknown}
 h - a potion of beneficial mutation {unknown}
 o - 2 potions of mutation {unknown}
 p - 2 potions of magic {unknown}
Comestibles
 c - 5 bread rations
 g - 3 meat rations
 i - a beef jerky
 m - 2 chunks of flesh


   Skills:
 * Level 3.0 Fighting
 * Level 3.3 Maces & Flails
 * Level 4.0 Dodging


You had 4 spell levels left.
You didn't know any spells.

Dungeon Overview and Level Annotations

Branches:
Dungeon (4/15)             Temple (0/1) D:4

Altars:
Ashenzari
Elyvilon
Zin

Annotations:
D:2 1 exclusion


Innate Abilities, Weirdness & Mutations

You are too large for most types of armour.
You have claws for hands.
Your metabolism is lightning-fast.
You like to eat raw meat.
You heal very quickly.
You are covered in fur (AC +1).
You have very tough skin (AC +2).


Message History

You climb downwards.
There is a stone staircase leading up here.
Found an escape hatch in the floor.
An ogre comes into view. It is wielding a giant club.
Found a staircase to the Ecumenical Temple.
The ogre hits you with a giant club!
There is an escape hatch in the floor, spattered with blood here.
You hit the ogre.
The ogre is moderately wounded.
You hit the ogre.
The ogre is moderately wounded.
The ogre hits you with a giant club!
You hit the ogre.
The ogre is moderately wounded.
The ogre hits you with a giant club!
* * * LOW HITPOINT WARNING * * *
You hit the ogre.
The ogre is moderately wounded.
The ogre hits you with a giant club!!
You die...

≈≈≈≈≈≈...≈≈≈≈≈≈.
≈≈≈≈≈≈.>.≈≈≈≈≈≈.
≈≈≈≈≈≈...≈≈≈≈≈≈.
^≈≈≈≈≈≈≈≈≈≈≈≈≈..
...≈≈≈≈≈≈≈≈≈....
.....≈≈≈≈≈......
................
#...O@.....#
#.####....##
#.....#
#.####...##
...........#####
##.#####........
#..######
#.#####..#
#...<....#


You could see an ogre.

Vanquished Creatures
  2 orc wizards (D:3)
  2 adders
  A gnoll (D:1)
  2 worms
  3 orcs (D:3)
  2 ball pythons
  5 bats
  3 giant cockroaches
  7 goblins
  11 hobgoblins
  2 jackals (D:3)
  5 kobolds
  2 quokkas
  2 giant geckos (D:3)
  A giant newt (D:2)
  8 rats
58 creatures vanquished.

Vanquished Creatures (others)
  2 jackals (D:3)
  A bat (D:3)
3 creatures vanquished.

Grand Total: 61 creatures vanquished

Notes
Turn   | Place    | Note
--------------------------------------------------------------
     0 | D:1      | JudasIscariot the Troll Berserker began the quest for the Orb.
     0 | D:1      | Reached XP level 1. HP: 22/22 MP: 0/0
    94 | D:1      | Found a shattered altar of Ashenzari.
   198 | D:1      | Reached XP level 2. HP: 29/29 MP: 1/1
   410 | D:1      | Reached skill level 3 in Maces & Flails
   410 | D:1      | Reached XP level 3. HP: 18/36 MP: 2/2
   588 | D:1      | Reached ** piety under Trog
  1488 | D:3      | Reached XP level 4. HP: 39/44 MP: 3/3
  1496 | D:3      | Found a white marble altar of Elyvilon.
  1932 | D:3      | Reached skill level 4 in Dodging
  1932 | D:3      | Reached XP level 5. HP: 12/53 MP: 4/4
  1986 | D:3      | Found a glowing silver altar of Zin.
  2140 | D:4      | Found a staircase to the Ecumenical Temple.
  2140 | D:4      | Noticed an ogre
  2146 | D:4      | Mangled by an ogre

Action                   |  1- 3 |  4- 6 || total
-------------------------+-------+-------++-------
Melee: Mace              |    55 |       ||    55
       Whip              |   121 |   113 ||   234
Invok: Berserk           |       |     2 ||     2
       Trog's Hand       |       |     1 ||     1
  Use: Scroll            |     2 |     3 ||     5
  Eat: Chunk             |    16 |    12 ||    28
